 Dungeon Crawl Stone Soup version 0.27.1-33-g824d729ab1 (webtiles) character file.

Game seed: 16154091877818349220

299 pkoi the Ruffian (level 6, 0/48 HPs)
             Began as a Draconian Gladiator on Nov 30, 2021.
             Was an Initiate of Makhleb.
             Slain by Edmund (2 damage)
             ... on level 4 of the Dungeon.
             The game lasted 00:05:39 (3164 turns).

pkoi the Ruffian (Draconian Gladiator)              Turns: 3164, Time: 00:05:39

Health: 0/48       AC: 10    Str: 16    XL:     6   Next: 13%
Magic:  14/16      EV: 12    Int: 11    God:    Makhleb [......]
Gold:   137        SH:  0    Dex: 12    Spells: 5/5 levels left

rFire    . . .     SeeInvis .     - Unarmed
rCold    . . .     Faith    .   (no shield)
rNeg     . . .     Spirit   .   (armour unavailable)
rPois    .         Reflect  .   a - +1 hat
rElec    .         Harm     .   (no cloak)
rCorr    .         Rampage  .   (no gloves)
Will     .....                  k - +2 pair of boots
Stlth    +.........             (no amulet)
HPRegen  0.16/turn              j - ring of magical power
MPRegen  0.15/turn              (no ring)

@: attractive, flying, hasted, very quick
A: AC +6, unfitting armour, cold-blooded
a: Renounce Religion


You were on level 4 of the Dungeon.
You worshipped Makhleb.
Makhleb was noncommittal.
You visited 2 branches of the dungeon, and saw 5 of its levels.

You collected 137 gold pieces.

Inventory:

Hand Weapons
 d - a +0 dagger
Missiles
 b - 3 throwing nets (quivered)
 m - 10 poisoned darts
Armour
 a - a +1 hat (worn)
 k - a +2 pair of boots (worn)
Jewellery
 j - a ring of magical power (left hand)
 p - a ring of magical power
Wands
 i - a wand of digging (8)
Scrolls
 e - a scroll of enchant armour
 h - a scroll of acquirement {unknown}
 n - a scroll of identify
Potions
 c - 2 potions of curing
 f - 2 potions of heal wounds
 g - a potion of flight
 q - a potion of might {unknown}


   Skills:
 - Level 2.1 Fighting
 - Level 1.7 Throwing
 - Level 2.6 Dodging
 + Level 6.5 Unarmed Combat
 + Level 2.3 Invocations


You had 5 spell levels left.
You didn't know any spells.
Your spell library contained the following spells:

 Spells                   Type           Power      Damage    Failure   Level
 Animate Dead             Necr           0%         N/A       98%         4
 Haunt                    Necr/Summ      0%         N/A       100%        7
 Infestation              Necr           0%         N/A       100%        8


Dungeon Overview and Level Annotations

Branches:
Dungeon (4/15)             Temple (1/1) D:4

Altars:
Ashenzari
Cheibriados
Dithmenos
Elyvilon
Fedhas
Hepliaklqana
Kikubaaqudgha
Makhleb
Nemelex Xobeh
Okawaru
Qazlal
Sif Muna
Uskayaw
Vehumet
Wu Jian
Xom
Yredelemnul
The Shining One

Annotations:
D:4 Edmund


Innate Abilities, Weirdness & Mutations

Your plain brown scales are hard. (AC +6)
You cannot fit into any form of body armour.
You are cold-blooded and may be slowed by cold attacks.


Message History

The water moccasin closely misses you.
You barely miss the water moccasin.
The water moccasin is heavily wounded.
You feel sick. The water moccasin barely misses you.
You closely miss the water moccasin.
Your tail-slap misses the water moccasin.
The water moccasin is moderately wounded.
You feel sick.
You closely miss the water moccasin.
Your tail-slap misses the water moccasin.
The water moccasin is moderately wounded.
The water moccasin barely misses you.
You punch the water moccasin!
The water moccasin is severely wounded.
You feel sick. The water moccasin bites you.
* * * LOW HITPOINT WARNING * * *
You miss the water moccasin.
The water moccasin is severely wounded.
The water moccasin bites you.
* * * LOW HITPOINT WARNING * * *
You punch the water moccasin!
You kill the water moccasin!
Makhleb accepts your kill.
You feel sick.
Your Invocations skill increases to level 2!
You have reached level 6!
Your experience leads to an increase in your attributes!
Increase (S)trength, (I)ntelligence, or (D)exterity?
You feel clever.
Your scales feel tougher.
You feel sick.
You are no longer poisoned.
Edmund is pulled toward you!
There is a dry fountain here.
The hobgoblin is pulled toward you! Edmund is pulled toward you!
The hobgoblin is pulled toward you!
There is a staircase to the Ecumenical Temple here.
Edmund hits you with a +2 vorpal dire flail!
* * * LOW HITPOINT WARNING * * *
You die...

######...........# #
#..?...#####..##.# ##
#....?######.....# .#
#............#...#
##...#########..## ####
#.⌠.# ##### #....
....###...###...# #..####
## ###.....g....#.###.....#
#....?.⌠..@@.⌠..#......##.#
#.###...........#.S....##.#
###
#.#...###...#####.....###.#
..# #.#?.# #.⌠.#
#g.........
..#####.#######...###
#..........
....................#
#..@.......
..######.##.........#
#..........
..'..........#.######
#.....#####
..###.#.....##.# #.!...#


You could see Edmund and a hobgoblin.

Vanquished Creatures
  A water moccasin (D:4)
  A hound (D:4)
  A bullfrog skeleton (D:4)
  An iguana (D:3)
  Ijyb (D:3)
  3 gnolls (D:3)
  2 worms (D:3)
  An orc (D:4)
  5 bats
  3 endoplasms
  7 goblins
  6 hobgoblins
  2 quokkas
  9 ball pythons
  4 frilled lizards
  5 kobolds
  3 rats
55 creatures vanquished.

Notes
Turn   | Place    | Note
-------+----------+-------------------------------------------
     0 | D:1      | pkoi the Draconian Gladiator began the quest for the Orb.
     0 | D:1      | Reached XP level 1. HP: 17/17 MP: 1/1
   434 | D:1      | Reached XP level 2. HP: 24/24 MP: 2/2
  1013 | D:2      | Reached skill level 4 in Unarmed Combat
  1440 | D:3      | Reached XP level 3. HP: 29/29 MP: 3/3
  1676 | D:3      | Reached XP level 4. HP: 32/36 MP: 4/4
  1781 | D:3      | Noticed Ijyb
  1786 | D:3      | Reached skill level 5 in Unarmed Combat
  1805 | D:3      | Killed Ijyb
  2687 | D:4      | Reached XP level 5. HP: 30/41 MP: 5/5
  2705 | D:4      | Reached skill level 6 in Unarmed Combat
  2789 | D:4      | Found a staircase to the Ecumenical Temple.
  2798 | Temple   | Entered the Ecumenical Temple
  2995 | Temple   | Became a worshipper of Makhleb the Destroyer
  3019 | D:4      | Reached skill level 1 in Invocations
  3130 | D:4      | Noticed a water moccasin
  3131 | D:4      | Noticed Edmund
  3158 | D:4      | Killed a water moccasin
  3159 | D:4      | Reached XP level 6. HP: 12/48 MP: 7/7
  3164 | D:4      | HP: 2/48 [Edmund (10)]
  3164 | D:4      | Slain by Edmund

Illustrated notes

Levels and vault maps discovered:
D:1:      minmay_arrival_jagged, layout_basic
D:2:      cheibrodos_old_hovel, layout_basic, minivault_19,
          kennysheep_generic_room_11
D:3:      layout_rooms, uniq_ijyb
D:4:      layout_basic, minmay_temple_entry_junction, portal_sewer_entry_a,
          uniq_edmund
Temple:   regret_index_temple_mists

Skill      XL: |  1  2  3  4  5 |
---------------+----------------+-----
Unarmed Combat | 4 5 6 |  6.5
Invocations    | 2 |  2.3
Fighting       | |  2.1
Throwing       | |  1.7
Dodging        | |  2.6

Action                   |  1- 3 |  4- 6 || total
-------------------------+-------+-------++-------
Melee: Unarmed           |    97 |    83 ||   180
       Tailslap          |    10 |     5 ||    15
       Punch             |     1 |     1 ||     2
  Use: Scroll            |     4 |       ||     4
       Potion            |       |     6 ||     6
 Stab: Sleeping          |     1 |       ||     1
Armor: Skin              |    26 |    27 ||    53
Dodge: Dodged            |    51 |    51 ||   102
